 Dungeon Crawl Stone Soup version 0.30.0-13-g156ef70053 (webtiles) character file.

Game seed: 4323205031446725988

35 monsoonserge the Vexing (level 3, -5/28 HPs)
             Began as a Meteoran Hexslinger on May 17, 2023.
             Slain by a gnoll
             ... wielding a +0 halberd
              (13 damage)
             ... on level 2 of the Dungeon.
             The game lasted 00:04:56 (503 turns).

monsoonserge the Vexing (Meteoran Hexslinger)        Turns: 503, Time: 00:04:57

Health: -5/28      AC:  6    Str: 12    XL:     3   Next: 79%
Magic:  5/6        EV: 12    Int: 14    God:
Gold:   74         SH:  0    Dex: 16    Spells: 1/4 levels left

rFire   . . .        a - +1 sling
rCold   . . .        (no shield)
rNeg    . . .        l - +1 leather armour {rPois}
rPois   +            e - +0 helmet
rElec   .            (no cloak)
rCorr   .            (no gloves)
SInv    .            m - +0 pair of boots
Will    .....        (no amulet)
Stlth   +            j - ring of flight
HPRegen 0.24/turn    (no ring)
MPRegen 0.10/turn

%: no passive effects
@: flying, glowing
A: sense surroundings 1, otherworldly, glowing, explore regen
a: no special abilities


You were on level 2 of the Dungeon.
You visited 1 branch of the dungeon, and saw 3 of its levels.

You collected 74 gold pieces.

Inventory:

Hand Weapons
 a - a +1 sling (weapon)
Missiles
 d - 5 boomerangs
 i - 5 poisoned darts
 k - 3 silver javelins
Armour
 c - a +0 robe
 e - a +0 helmet (worn)
 l - a +1 leather armour of poison resistance (worn)
 m - a +0 pair of boots (worn)
Jewellery
 j - a ring of flight (left hand)
Wands
 o - a wand of quicksilver (8)
Scrolls
 b - 2 scrolls of poison
 f - a scroll of enchant armour {unknown}
 g - a scroll of magic mapping {unknown}
 n - 3 scrolls of enchant weapon {unknown}
Potions
 h - a potion of degeneration {unknown}
 p - a potion of lignification {unknown}


   Skills:
 + Level 1.2 Fighting
 + Level 2.9 Ranged Weapons
 * Level 0.8 Armour
 + Level 2.4 Dodging
 + Level 1.4 Spellcasting
 + Level 4.1 Hexes
 * Level 0.7 Translocations
 * Level 0.8 Evocations


You had one spell level left.
You knew the following spells:

 Your Spells              Type           Power      Damage    Failure   Level
a - Slow                  Hex            48%        N/A       6%          1
b - Blink                 Tloc           6%         N/A       34%         2

Your spell library contained the following spells:

 Spells                   Type           Power      Damage    Failure   Level
 Lesser Beckoning         Tloc           6%         N/A       34%         2
 Portal Projectile        Hex/Tloc       14%        N/A       34%         3
 Momentum Strike          Conj/Tloc      4%         3d8       38%         2
 Inner Flame              Hex/Fire       6%         N/A       38%         3
 Cause Fear               Hex            6%         N/A       50%         4


Dungeon Overview and Level Annotations

Branches:
Dungeon (3/15) Zot: 1276

Altars:

Shops:
D:1 (


Innate Abilities, Weirdness & Mutations

You passively map a small area around you.
You are easily found by Zot.
You glow in the dark.
You regain HP and MP as you explore.


Message History

Aim: a gnoll, wielding a +0 halberd (63% to hit)
You shoot a sling bullet. The sling bullet hits the gnoll.
You kill the gnoll!
The gnoll barely misses you.
The gnoll hits you from afar with a +0 halberd.
Fire: a) +1 sling
Press: ? - help, Q - select action, (/) - cycle Shift-Dir - straight line, f/p - gnoll
Aim: a gnoll, wielding a +0 halberd (63% to hit)
You shoot a sling bullet.
The sling bullet closely misses the gnoll.
The gnoll barely misses you.
Fire: a) +1 sling
Press: ? - help, Q - select action, (/) - cycle Shift-Dir - straight line, f/p - gnoll
Aim: a gnoll, wielding a +0 halberd (63% to hit)
You shoot a sling bullet.
The sling bullet hits the gnoll but does no damage.
The gnoll hits you from afar with a +0 halberd!
* * * LOW HITPOINT WARNING * * *
Casting: Slow (safe; 6% risk of failure)
Confirm with . or Enter, or press ? or * to list all spells.
Okay, then.
Fire: a) +1 sling
Press: ? - help, Q - select action, (/) - cycle Shift-Dir - straight line, f/p - gnoll
Aim: a gnoll, wielding a +0 halberd (63% to hit)
Okay, then.
Fire: a) +1 sling
Press: ? - help, Q - select action, (/) - cycle Shift-Dir - straight line, f/p - gnoll
Aim: a gnoll, wielding a +0 halberd (63% to hit)
You shoot a sling bullet.
The sling bullet closely misses the gnoll.
The gnoll barely misses you.
The gnoll hits you from afar with a +0 halberd.
* * * LOW HITPOINT WARNING * * *
Fire: a) +1 sling
Press: ? - help, Q - select action, (/) - cycle Shift-Dir - straight line, f/p - gnoll
Aim: a gnoll, wielding a +0 halberd (63% to hit)
You shoot a sling bullet. The sling bullet hits the gnoll.
The gnoll is moderately wounded.
The gnoll hits you from afar with a +0 halberd!
You die...

..# ...... *
,... #....... *
,, ...###.......
, ...##...... *
,#.......# , ,,
#.......# * *
#######.)g....#
#.......(.....#
*
#........@.)###
** ##.
#.........#)##
,, ,....
#.........#..##
** #.#..
############..##
####.....
##.)###........
##...#..)# *
###...>## ###..#
#..#


You could see a gnoll.

Vanquished Creatures
  A gnoll (D:2)
  An adder (D:2)
  2 bats
  2 endoplasms (D:1)
  4 goblins
  A hobgoblin (D:3)
  A frilled lizard (D:1)
  3 kobolds
15 creatures vanquished.

Notes
Turn   | Place    | Note
-------+----------+-------------------------------------------
     0 | D:1      | monsoonserge the Meteoran Hexslinger began the quest for
                  | the Orb.
     0 | D:1      | Reached XP level 1. HP: 16/16 MP: 3/3
   113 | D:1      | Reached XP level 2. HP: 16/23 MP: 5/5
   238 | D:1      | Reached skill level 4 in Hexes
   262 | D:1      | Found Jikliawk's Antique Weapon Boutique.
   328 | D:1      | Learned a level 2 spell: Blink
   476 | D:2      | Reached XP level 3. HP: 25/28 MP: 2/6
   503 | D:2      | Slain by a gnoll

Illustrated notes

Levels and vault maps discovered:
D:1:      sevenhm_arrival_forest_fort_large_2, layout_rooms, serial_shops, shop
D:2:      layout_basic, minivault_4, kennysheep_generic_room_13
D:3:      layout_loops_ring, serial_shops, nicolae_shop_tiny_waterfront

Skill      XL: |  1  2 |
---------------+-------+-----
Hexes          | 4 |  4.1
Fighting       | |  1.2
Ranged Weapons | |  2.9
Armour         | |  0.8
Dodging        | |  2.4
Spellcasting   | |  1.4
Translocations | |  0.7
Evocations     | |  0.8

Action                     || total
---------------------------++-------
   Fire: Sling             ||    67
   Cast: Slow              ||     9
 Armour: Robe              ||     1
         Leather armour    ||    15
  Dodge: Dodged            ||    25
